 Dungeon Crawl Stone Soup version 0.30-a0-297-g0ec75d9ef4 (webtiles) character file.

Game seed: 14267267690094585537

3852 Sobieck the Slicer (level 10, -11/60 HPs)
             Began as a Kobold Gladiator on Oct 19, 2022.
             Mangled by Gastronok (21 damage)
             ... on level 8 of the Dungeon.
             The game lasted 00:15:39 (6623 turns).

Sobieck the Slicer (Kobold Gladiator)               Turns: 6623, Time: 00:15:39

Health: -11/60     AC: 15    Str: 19    XL:     10   Next: 41%
Magic:  19/19      EV: 17    Int: 11    God:
Gold:   610        SH:  4    Dex: 17    Spells: 9/9 levels left

rFire   . . .      SeeInvis .    a - +0 rapier {short}
rCold   . . .      Faith    .    W - +0 buckler
rNeg    + . .      Spirit   .    K - quicksilver dragon scales of the Heavens {rN+ Will+ MP+9 Int+2 Dex-3, rare}
rPois   .          Reflect  .    n - +2 helmet
rElec   .          Harm     .    q - +0 cloak
rCorr   .          Rampage  .    i - +0 pair of gloves
Will    ++...                    (no boots)
Stlth   +++++.....               g - amulet of regeneration {@e2}
HPRegen 1.10/turn                j - ring of willpower
MPRegen 0.16/turn                J - +6 ring of strength

@: mighty
A: small, no large weapons, nightstalker 3
a: no special abilities


You were on level 8 of the Dungeon.
You visited 2 branches of the dungeon, and saw 10 of its levels.

You collected 799 gold pieces.
You spent 189 gold pieces at shops.


Innate Abilities, Weirdness & Mutations

You are small and have problems with some larger weapons.
You are completely attuned to the shadows.


   Skills:
 - Level 6.0 Fighting
 + Level 11.2 Short Blades
 - Level 2.1 Throwing
 - Level 3.0 Armour
 + Level 8.7 Dodging
 + Level 10.3 Stealth
 - Level 2.0 Evocations


You had 9 spell levels left.
You didn't know any spells.
Your spell library contained the following spells:

 Spells                   Type           Power      Damage    Failure   Level
 Tukima's Dance           Hex            0%         N/A       96%         3
 Passage of Golubria      Tloc           0%         N/A       100%        4
 Yara's Violent Unravell  Hex/Tmut       0%         3d3       100%        5

Inventory:

Hand Weapons
 a - a +0 rapier (weapon) {short}
 Z - a +1 short sword of holy wrath {short}
   (You took it off a kobold on level 9 of the Dungeon)
Missiles
 d - 4 throwing nets (quivered) {=f!fthrowing}
 e - 2 boomerangs {throwing}
 f - 82 stones {throwing}
 p - 17 poisoned darts {throwing}
 Y - 3 curare-tipped darts {=fthrowing}
Armour
 b - a +0 leather armour
 i - a +0 pair of gloves (worn)
   (You bought it in a shop on level 8 of the Dungeon)
 l - the +0 leather armour "Usurr" {-Tele rF+ Str+2}
   (You found it on level 3 of the Dungeon)

   Str:       It affects your strength (+2).
   rF:        It protects you from fire.
   -Tele:     It prevents most forms of teleportation.
 n - a +2 helmet (worn)
   (You found it on level 2 of the Dungeon)
 q - a +0 cloak (worn)
   (You found it on level 6 of the Dungeon)
 r - a +0 robe
   (You found it on level 3 of the Dungeon)
 s - a +0 leather armour
   (You found it on level 4 of the Dungeon)
 t - a +0 ring mail
   (You took it off an orc priest on level 3 of the Dungeon)
 x - a +0 robe
   (You took it off an orc wizard on level 3 of the Dungeon)
 y - a +0 chain mail
   (You took it off an orc on level 4 of the Dungeon)
 z - a +0 chain mail
   (You took it off an orc priest on level 4 of the Dungeon)
 A - a +0 leather armour
   (You took it off an orc on level 4 of the Dungeon)
 H - a +0 ring mail
   (You found it on level 4 of the Dungeon)
 K - the quicksilver dragon scales of the Heavens (worn) {rN+ Will+ MP+9 Int+2 Dex-3, rare}
   (You found it on level 4 of the Dungeon)

   Int:       It affects your intelligence (+2).
   Dex:       It affects your dexterity (-3).
   rN:        It protects you from negative energy.
   MP:        It affects your magic capacity (+9).
   Will:      It increases your willpower.
 L - a +0 robe
   (You found it on level 4 of the Dungeon)
 P - a +0 ring mail
   (You found it on level 5 of the Dungeon)
 W - a +0 buckler (worn)
   (You found it on level 5 of the Dungeon)
Jewellery
 c - an amulet of guardian spirit
   (You took it off a wight on level 6 of the Dungeon)
 g - an amulet of regeneration (around neck) {@e2}
   (You found it on level 1 of the Dungeon)
 j - a ring of willpower (left hand)
   (You found it on level 1 of the Dungeon)
 u - an amulet of reflection
   (You found it on level 2 of the Dungeon)
 J - a +6 ring of strength (right hand)
   (You found it on level 4 of the Dungeon)
 R - the ring of Otui {rC- rCorr Str+5 SInv}
   (You found it on level 5 of the Dungeon)

   [ring of resist corrosion]

   Str:       It affects your strength (+5).
   rC:        It makes you vulnerable to cold.
   SInv:      It lets you see invisible.
   rCorr:     It protects you from acid and corrosion.
Wands
 h - a wand of flame (29)
   (You took it off Dowan on level 6 of the Dungeon)
 I - a wand of mindburst (11)
   (You found it on level 4 of the Dungeon)
Scrolls
 m - 2 scrolls of amnesia
 o - 2 scrolls of vulnerability {!r!r}
 v - 3 scrolls of teleportation {@r4}
 B - a scroll of torment {!r}
 C - a scroll of fog
 M - a scroll of fear
 N - a scroll of silence {!r}
 U - 2 scrolls of enchant armour {unknown}
 V - a scroll of immolation {unknown}
Potions
 w - a potion of ambrosia
 D - 2 potions of mutation {!q}
 E - a potion of attraction {unknown}
 F - 2 potions of lignification {!q}
 G - a potion of flight
 O - 2 potions of brilliance
 Q - 5 potions of curing {@q1}
 S - a potion of heal wounds {unknown}
 T - a potion of berserk rage {unknown}
 X - a potion of haste {unknown}

Dungeon Overview and Level Annotations

Branches:
Dungeon (9/15) Zot: 26877  Temple (1/1) D:4 Zot: 5812
   Lair: D:8-11         Orc: D:9-12

Altars:
Cheibriados
Dithmenos
Elyvilon
Fedhas
Gozag
Hepliaklqana
Kikubaaqudgha
Nemelex Xobeh
Qazlal
Ru
Sif Muna
Vehumet
Wu Jian
Xom
Yredelemnul
Zin

Shops:
D:5 :   D:6 *   D:8 [

Annotations:
D:8 Gastronok

#.#.##.# #......#
###.#### ##.###
####..### .#
..##..#### ##.##
#.##.....# ##...##
#...∩....# #..w..#
#....##..######@..##
###..##......##.....
###..##.####.##..##.
####.#.## #........
##.## ####..### ###
#..# #..# .(.


You could see Gastronok.


Message History

The kobold throws a stone.
You block the stone.
You see here a +1 short sword of holy wrath {short}.
You hit the kobold but do no damage. You hit the kobold.
You kill the kobold!
No target in view!
No target in view!
You can't carry that many items.
Unknown command.
You drop a +1 hand axe of freezing {axe}.
Z - a +1 short sword of holy wrath {short}
f - 82 stones {throwing} (gained 3)
Things that are here:
a +0 club {mace}; a +0 club {mace}; a kobold corpse
Y - 3 curare-tipped darts {=fthrowing} (gained 1)
Things that are here:
a +0 club {mace}; a kobold corpse Unknown command.
Found a stone staircase leading up.
Unknown command.
There is a stone staircase leading up here.
You climb upwards.
There is a stone staircase leading down here.
Unknown command.
Unknown command.
Unknown command.
You see here a +0 leather armour.
You open the door.
There is an open door here.
Found a stone staircase leading down.
Unknown command.
You open the door.
There is an open door here.
There is a stone staircase leading down here.
Found Ushrewnygo's Antique Armour Boutique.
Unknown command.
There is an entrance to Ushrewnygo's Antique Armour Boutique here.
Okay, then.
Thank you for shopping at Ushrewnygo's Antique Armour Boutique!
Okay, then.
Unknown command.
You drop a +0 robe.
i - a +0 pair of gloves You start putting on your armour.
You continue putting on your +0 pair of gloves. x4
You finish putting on your +0 pair of gloves.
Your pack is full.
You see here a scroll of identify {@r1}.
As you read the scroll of identify {@r1}, it crumbles to dust.
w - a potion of ambrosia Gastronok the Ponderous comes into view.
Danger!
The helpless Gastronok fails to defend himself.
You spit Gastronok like a pig!!!
Unknown command.
You hit Gastronok. You hit Gastronok but do no damage.
You feel briefly sluggish.
You hit Gastronok.
Unknown command.
You hit Gastronok. You puncture Gastronok! Gastronok closely misses you.
You puncture Gastronok!
Unknown command.
You hit Gastronok. You barely miss Gastronok. Gastronok barely misses you.
You hit Gastronok.
Unknown command.
You hit Gastronok. You puncture Gastronok!
Gastronok bites you but does no damage.
Unknown command.
You hit Gastronok. You hit Gastronok but do no damage. You hit Gastronok.
Gastronok bites you.
You puncture Gastronok!
Unknown command.
You hit Gastronok.
Gastronok bubbles merrily.
You hit Gastronok. You puncture Gastronok!
Unknown command.
You hit Gastronok. Gastronok bites you!
You hit Gastronok but do no damage. You hit Gastronok but do no damage.
Unknown command.
You hit Gastronok but do no damage. Gastronok bites you!!
Ouch! That really hurt!
* * * LOW HITPOINT WARNING * * *
You hit Gastronok.
Unknown command.
You feel very mighty all of a sudden.
Gastronok waves his eye-stalks in wide circles.
The air twists around and strikes you!
* * * LOW HITPOINT WARNING * * *
Unknown command.
You puncture Gastronok! You hit Gastronok.
Unknown command.
You puncture Gastronok! Gastronok bites you!!
You die...

Skill      XL: |  1  2  3  4  5  6  7  8  9 10 |
---------------+-------------------------------+-----
Stealth        | 2 3 4 5 6 7 8 10 | 10.3
Short Blades   | 7 9 10 11 | 11.2
Dodging        | 4 5 6 7 8 |  8.7
Armour         | 1 3 |  3.0
Fighting       | 3 4 5 6 |  6.0
Evocations     | 2 |  2.0
Throwing       | |  2.1

Action                   |  1- 3 |  4- 6 |  7- 9 | 10-12 || total
-------------------------+-------+-------+-------+-------++-------
Melee: Rapier            |    54 |   106 |   449 |   126 ||   735
       Punch             |     1 |     1 |     1 |       ||     3
  Use: Scroll            |       |     8 |     9 |     2 ||    19
       Potion            |       |       |     1 |     2 ||     3
 Stab: Sleeping          |    12 |    14 |    14 |     7 ||    47
       Distracted        |     1 |       |       |       ||     1
Armor: Leather armour    |     6 |    15 |    14 |       ||    35
       Quicksilver drago |       |       |    75 |    21 ||    96
Dodge: Dodged            |    31 |    55 |   277 |    67 ||   430
Block: Buckler           |       |       |    22 |    12 ||    34

Levels and vault maps discovered:
D:1:      dpeg_arrival_fog, layout_rooms, kennysheep_boxes
D:2:      minmay_chambers_of_ones, layout_loops_ring,
          chequers_serial_rivers_large_b, amethyst_killhole, uniq_sigmund
D:3:      layout_loops_cross, lemuel_tele_altar, mainiacjoe_overflow_catwalk,
          tgw_kikubaaqudgha
D:4:      layout_loops_ring, mainiacjoe_overflow_surrounded_room,
          temple_doors_cd, minmay_tree_intersection, minmay_joined_circles
D:5:      minmay_polygon_palace, layout_cave_pools, serial_shops, shop,
          serial_co_window_serial, co_window_paths_a,
          co_window_of_opportunity_a, co_window_corner_a, co_window_corner_a,
          co_window_corner_a, co_window_paths_a, co_window_paths_a,
          co_window_paths_a, co_window_paths_a, co_window_paths_c,
          co_window_corner_ca, co_window_broadway_b, co_window_broadway_a,
          co_window_paths_c, co_window_unsneaky_path_b
D:6:      layout_basic, serial_shops, shop, grunt_ministairs_8,
          minmay_lizard_king, uniq_menkaure, uniq_grinder, uniq_duvessa
D:7:      layout_gridville, nicolae_overflow_squiral, uniq_joseph
D:8:      layout_loops_corners, trog_antimagical, serial_shops,
          nicolae_square_shop, kb_lookout_dungeons_type, uniq_gastronok
D:9:      layout_long_grid, mainiacjoe_overflow_24_doors, hangedman_fish_farm,
          uniq_grum, uniq_maurice, uniq_amaemon, uniq_pikel
Temple:   minmay_temple_bridge_abc

Notes
Turn   | Place    | Note
-------+----------+-------------------------------------------
     0 | D:1      | Sobieck the Kobold Gladiator began the quest for the Orb.
     0 | D:1      | Reached XP level 1. HP: 12/12 MP: 1/1
    60 | D:1      | Reached skill level 1 in Stealth
    68 | D:1      | Reached skill level 2 in Stealth
    86 | D:1      | Reached XP level 2. HP: 17/17 MP: 2/2
   215 | D:1      | Reached skill level 3 in Stealth
   339 | D:1      | Reached XP level 3. HP: 21/21 MP: 3/3
   423 | D:1      | Reached skill level 4 in Stealth
   729 | D:2      | Reached XP level 4. HP: 26/26 MP: 4/4
   794 | D:2      | Reached skill level 5 in Stealth
  1018 | D:2      | Noticed Sigmund
  1023 | D:2      | Killed Sigmund
  1024 | D:2      | Reached skill level 7 in Short Blades
  1024 | D:2      | Reached skill level 4 in Dodging
  1024 | D:2      | Reached XP level 5. HP: 30/30 MP: 5/5
  1024 | D:2      | Reached XP level 6. HP: 35/35 MP: 6/6
  1655 | D:3      | Found an ancient bone altar of Kikubaaqudgha.
  1674 | D:3      | Found a shimmering blue altar of Sif Muna.
  1971 | D:3      | Identified the +0 leather armour "Usurr" {-Tele rF+ Str+2}
  2221 | D:3      | Noticed a human
  2223 | D:3      | Killed a human
  2305 | D:4      | Noticed an ogre
  2322 | D:4      | Killed an ogre
  2323 | D:4      | Reached skill level 5 in Dodging
  2323 | D:4      | Reached XP level 7. HP: 27/40 MP: 7/7
  2455 | D:3      | Reached skill level 1 in Armour
  2612 | D:3      | Found a basalt altar of Yredelemnul.
  2803 | D:4      | Reached skill level 3 in Fighting
  2911 | D:4      | Reached skill level 6 in Stealth
  2975 | D:4      | Found a staircase to the Ecumenical Temple.
  2980 | Temple   | Entered the Ecumenical Temple
  3231 | D:4      | Reached XP level 8. HP: 46/46 MP: 8/8
  3241 | D:4      | Reached skill level 6 in Dodging
  3272 | D:4      | Reached skill level 8 in Short Blades
  3298 | D:4      | Reached skill level 4 in Fighting
  3522 | D:4      | Found a white marble altar of Elyvilon.
  3554 | D:4      | Reached skill level 7 in Stealth
  3554 | D:4      | Reached skill level 1 in Evocations
  3673 | D:4      | Identified the quicksilver dragon scales of the Heavens
                  | {rN+ Will+ MP+9 Int+2 Dex-3}
  3674 | D:4      | K - the quicksilver dragon scales of the Heavens {rN+ Will+
                  | MP+9 Int+2 Dex-3, rare}
  3685 | D:4      | You finish putting on the quicksilver dragon scales of the
                  | Heavens {rN+ Will+ MP+9 Int+2 Dex-3, rare}.
  3821 | D:4      | Reached skill level 9 in Short Blades
  3821 | D:4      | Reached skill level 2 in Evocations
  4027 | D:5      | Entered Level 5 of the Dungeon
  4172 | D:5      | Found Kummoaz's Book Boutique.
  4205 | D:6      | Noticed Grinder
  4231 | D:5      | Reached XP level 9. HP: 35/52 MP: 9/9
  4274 | D:5      | Killed Grinder
  4275 | D:5      | Reached skill level 2 in Armour
  4450 | D:5      | Identified the ring of Otui {rC- rCorr Str+5 SInv}
  4628 | D:6      | Found Ysahioh's Assorted Antiques.
  4636 | D:6      | Bought a grey potion for 18 gold pieces
  4636 | D:6      | Bought a scroll labelled HOERCH DARI for 21 gold pieces
  4636 | D:6      | Bought a scroll labelled HOERCH DARI for 21 gold pieces
  4636 | D:6      | Bought a green potion for 18 gold pieces
  4636 | D:6      | Bought a scroll labelled SIEMI MAVY for 21 gold pieces
  4831 | D:5      | Reached skill level 8 in Stealth
  4846 | D:5      | Reached skill level 5 in Fighting
  4919 | D:5      | Reached skill level 7 in Dodging
  4959 | D:5      | Reached skill level 10 in Short Blades
  5133 | D:5      | You add the spells Tukima's Dance, Passage of Golubria and
                  | Yara's Violent Unravelling to your library.
  5670 | D:6      | Noticed Menkaure
  5678 | D:6      | Killed Menkaure
  5679 | D:6      | Reached skill level 3 in Armour
  5753 | D:6      | HP: 13/53 [wight/+1 hand axe of freezing (9)]
  5925 | D:6      | Reached XP level 10. HP: 59/60 MP: 10/10
  5941 | D:6      | Reached skill level 9 in Stealth
  6057 | D:6      | Reached skill level 6 in Fighting
  6130 | D:6      | Noticed Dowan
  6132 | D:6      | Noticed Duvessa
  6166 | D:6      | Killed Duvessa
  6171 | D:6      | Killed Dowan
  6172 | D:6      | Reached skill level 8 in Dodging
  6275 | D:7      | Noticed Joseph
  6291 | D:7      | Killed Joseph
  6292 | D:7      | Reached skill level 11 in Short Blades
  6372 | D:7      | Reached skill level 10 in Stealth
  6431 | D:7      | You fall into a shaft and drop 2 floors!
  6563 | D:8      | Found Ushrewnygo's Antique Armour Boutique.
  6568 | D:8      | Bought a pair of gloves for 90 gold pieces
  6592 | D:8      | Noticed Gastronok
  6620 | D:8      | HP: 8/60 [Gastronok/the air (12)]
  6623 | D:8      | Mangled by Gastronok

Vanquished Creatures
  Joseph (D:7)
  Grinder (D:5)
  Sigmund (D:2)
  A wyvern (D:5)
  A steam dragon (D:7)
  Menkaure (D:6)
  Duvessa (D:6)
  A water moccasin (D:5)
  2 ice beasts
  3 black bears
  3 ogres (D:4)
  A centaur (D:4)
  6 phantoms
  A kobold brigand (D:9)
  A bullfrog (D:6)
  5 scorpions
  3 wights (D:6)
  Dowan (D:6)
  A howler monkey (D:5)
  3 hounds
  4 orc priests
  5 iguanas
  2 orc wizards
  16 adders
  A gnoll (D:5)
  A shadow imp (D:6)
  A white imp (D:4)
  4 ufetubi
  2 worms
  9 dart slugs
  8 orcs
  8 endoplasms
  A giant cockroach (D:2)
  9 goblins
  7 hobgoblins
  5 jackals
  5 quokkas
  9 ball pythons
  5 bats
  10 frilled lizards
  10 kobolds
  8 rats
168 creatures vanquished.

Vanquished Creatures (others)
  A human (D:3)
  66 plants
67 creatures vanquished.

Grand Total: 235 creatures vanquished

Table legend:
 A = Non-vault XP
 B = Vault XP
 C = Vault XP percentage of total XP
 D = Non-vault monster count
 E = Vault monster count
 F = Vault count percentage of total count
                 A         B        C        D         E       F
            +---------+---------+-------+---------+---------+-------
      Total |    2707 |    2797 |  50.8 |     114 |      54 |  32.1
            +---------+---------+-------+---------+---------+-------
        D:1 |      49 |       0 |   0.0 |      25 |       0 |   0.0
        D:2 |      60 |     252 |  80.8 |      13 |       6 |  31.6
        D:3 |     221 |       0 |   0.0 |      16 |       0 |   0.0
        D:4 |     839 |     353 |  29.6 |      26 |      16 |  38.1
        D:5 |     428 |    1137 |  72.7 |      13 |      16 |  55.2
        D:6 |     564 |     580 |  50.7 |      11 |      15 |  57.7
        D:7 |     442 |     475 |  51.8 |       3 |       1 |  25.0
        D:9 |     104 |       0 |   0.0 |       7 |       0 |   0.0
            +---------+---------+-------+---------+---------+-------

Illustrated notes

Table legend:
 A = Kills in this place as a percentage of kills in entire the game.
 B = Kills by you in this place as a percentage of kills by you in the entire game.
 C = Kills by friends in this place as a percentage of kills by friends in the entire game.
 D = Other kills in this place as a percentage of other kills in the entire game.
 E = Experience gained in this place as a percentage of experience gained in the entire game.
 F = Experience gained in this place divided by the number of levels of this place that you have seen.
                   A       B       C       D       E      F
               +-------+-------+-------+-------+-------+----------------------
         Total | 100.0 | 100.0 |   N/A |   N/A | 100.0 | 550.4
       Dungeon | 100.0 | 100.0 |   N/A |   N/A | 100.0 | 611.6
               +-------+-------+-------+-------+-------+----------------------

Table legend: (Time is in decaauts)
 A = Elapsed time spent in this place.
 B = Non-inter-level travel time spent in this place.
 C = Inter-level travel time spent in this place.
 D = Time resting spent in this place.
 E = Time spent auto-exploring this place.
 F = Levels seen in this place.
 G = Mean time per level.
                   A        B        C        D        E       F      G
               +--------+--------+--------+--------+--------+-----+--------+
         Total |   6535 |   6228 |    307 |    189 |   4594 |  10 |  653.5 |
       Dungeon |   6347 |   6064 |    283 |    189 |   4438 |   9 |  705.2 |
        Temple |    187 |    163 |     24 |      0 |    156 |   1 |  187.0 |
               +--------+--------+--------+--------+--------+-----+--------+

Top non-repeatable levels by time:
     D:5: 1449 daAuts
     D:4: 1097 daAuts
     D:2: 1040 daAuts
     D:3: 1036 daAuts
     D:6: 718 daAuts
     D:1: 669 daAuts
  Temple: 187 daAuts
     D:7: 159 daAuts
     D:8: 122 daAuts
     D:9: 54 daAuts
